Map: Dusk Towers

Players

Miszu - Winner!

  • Race: Protoss Protoss
  • League: Master

HiddenScroll

  • Race: Terran Terran
  • League: Master

VOD

Have the link to the VOD?

Description

Time

  • Played on: June 20, 2016, 10:49 a.m.
  • Length: 11:02
Show
View Real Time Build Order
Export as new Build Order

Miszu Protoss - Winner!

Build Orders: 1 Gate Expand, Blink Stalkers, Zealot Archon 

Get SALT Encoding   

  12  0:01  Probe (Chrono Boost)  
  13  0:13  Probe (Chrono Boost)  
  14  0:18  Pylon  
  14  0:24  Probe (Chrono Boost)  
  15  0:37  Probe (Chrono Boost)  
  15  0:39  Gateway  
  16  0:47  Probe (Chrono Boost)  
  17  0:52  Assimilator  
  17  1:12  Nexus  
  17  1:19  Probe (Chrono Boost)  
  18  1:26  Cybernetics Core  
  18  1:30  Probe (Chrono Boost)  
  19  1:40  Probe (Chrono Boost)  
  19  1:45  Pylon  
  20  1:51  Probe (Chrono Boost)  
  21  1:55  Assimilator  
  21  2:03  Mothership Core (Chrono Boost)  
  23  2:19  Warp Gate  
  23  2:22  Probe (Chrono Boost)  
  24  2:26  Adept  
  24  2:29  Probe (Chrono Boost)  
  27  2:32  Probe (Chrono Boost)  
  28  2:39  Probe (Chrono Boost)  
  28  2:43  Probe (Chrono Boost)  
  30  2:50  Probe (Chrono Boost)  
  31  2:52  Twilight Council  
  31  2:54  Probe (Chrono Boost)  
  32  3:00  Probe (Chrono Boost)  
  32  3:05  Stalker, Probe (Chrono Boost)  
  34  3:11  Probe (Chrono Boost)  
  37  3:13  Robotics Facility  
  37  3:17  Probe (Chrono Boost)  
  38  3:22  Probe (Chrono Boost)  
  38  3:23  Pylon  
  39  3:33  Blink (Chrono Boost)  
  39  3:35  Probe (Chrono Boost)  
  39  3:36  Probe (Chrono Boost)  
  41  3:47  Probe  
  42  3:49  Probe  
  43  3:59  Probe x2  
  43  4:01  Observer  
  46  4:03  Gateway  
  46  4:04  Gateway  
  46  4:09  Gateway  
  46  4:10  Gateway  
  46  4:12  Probe  
  47  4:22  Immortal (Chrono Boost)  
  51  4:28  Pylon  
  51  4:30  Stalker  
  51  4:33  Pylon  
  51  4:40  Assimilator x2  
  51  4:41  Pylon  
  51  4:42  Probe  
  51  4:43  Probe  
  53  4:54  Probe  
  53  4:55  Probe  
  53  4:59  Immortal (Chrono Boost)  
  59  5:05  Stalker  
  59  5:06  Stalker x2, Probe  
  66  5:14  Probe  
  66  5:20  Nexus  
  67  5:22  Resonating Glaives  
  67  5:24  Pylon  
  67  5:26  Probe  
  69  5:28  Probe  
  69  5:37  Forge  
  69  5:39  Forge, Probe  
  70  5:52  Observer (Chrono Boost), Probe x2  
  73  5:58  Pylon  
  73  6:04  Probe  
  73  6:06  Gateway  
  73  6:08  Probe  
  73  6:10  Observer (Chrono Boost), Pylon  
  76  6:15  Protoss Ground Weapons Level 1, Protoss Ground Armor Level 1  
  76  6:16  Probe  
  77  6:20  Probe  
  77  6:22  Pylon  
  78  6:28  Probe  
  82  6:33  Immortal (Chrono Boost)  
  82  6:39  Templar Archives  
  82  6:41  Adept x3  
  88  6:47  Pylon  
  88  6:52  Adept x2  
  92  7:05  Adept x2  
  92  7:06  Adept x2  
  92  7:07  Immortal (Chrono Boost), Probe  
  104  7:17  High Templar x2  
  108  7:23  Gateway  
  108  7:26  Gateway  
  106  7:31  Adept  
  106  7:32  Adept x3  
  106  7:35  Pylon  
  106  7:36  Archon  
  114  7:40  Probe  
  114  7:41  Probe x2  
  117  7:44  Pylon  
  117  7:46  Pylon  
  117  7:50  Probe  
  117  7:51  Immortal (Chrono Boost)  
  121  7:53  Adept x3, Probe  
  129  8:07  High Templar x2  
  129  8:09  Adept  
  129  8:12  Pylon  
  135  8:14  Archon  
  135  8:19  Adept x3  
  140  8:28  Adept  
  140  8:29  Adept x2  
  142  8:47  Adept x5  
  126  8:53  Stalker x3  
  130  8:58  Charge  
  130  9:00  Assimilator x2  
  130  9:03  Warp Prism (Chrono Boost)  
  130  9:04  Probe  
  130  9:05  Probe x2  
  130  9:06  Pylon  
  130  9:07  Nexus  
  135  9:14  Probe  
  135  9:15  Pylon  
  136  9:17  Probe x2  
  136  9:19  Assimilator  
  136  9:21  Stalker  
  136  9:24  Assimilator  
  140  9:25  Probe  
  140  9:29  Probe  
  142  9:38  Stalker x4  
  146  9:39  Stalker  
  146  9:41  Stalker  
  154  9:57  Stalker  
  156  10:02  Gateway  
  156  10:03  Gateway  
  156  10:05  Gateway  
  156  10:07  Gateway  
  156  10:11  Probe  
  157  10:19  Warp Prism (Chrono Boost)  
  159  10:31  Zealot x6  
  157  10:43  Probe  
  128  10:53  Zealot x3  
  128  10:54  Zealot x5  
Show
View Real Time Build Order
Export as new Build Order

HiddenScroll Terran 

Build Orders: Reaper Expand, Bio Tank 

Get SALT Encoding   

  12  0:00  SCV  
  13  0:13  SCV  
  14  0:17  Supply Depot  
  14  0:25  SCV  
  15  0:39  SCV  
  15  0:40  Barracks  
  16  0:45  Refinery  
  16  0:51  SCV  
  17  1:03  SCV  
  18  1:15  SCV  
  19  1:27  Orbital Command  
  19  1:28  Reaper  
  20  1:47  Command Center  
  20  1:57  SCV  
  20  1:58  Supply Depot  
  21  2:03  Barracks Reactor  
  21  2:09  SCV  
  22  2:22  SCV  
  23  2:24  Factory  
  23  2:32  Refinery  
  23  2:34  SCV  
  24  2:40  Marine  
  24  2:41  Marine  
  26  2:46  SCV  
  27  2:58  Marine x2, SCV  
  28  3:00  Orbital Command  
  30  3:07  Factory Tech Lab  
  30  3:10  SCV  
  31  3:16  Marine x2  
  33  3:22  SCV  
  33  3:26  Cyclone  
  38  3:29  SCV  
  39  3:34  SCV  
  39  3:37  Supply Depot  
  39  3:40  Engineering Bay  
  40  3:41  SCV  
  40  3:47  SCV  
  42  3:48  Barracks  
  42  3:50  Barracks Tech Lab  
  42  3:53  SCV  
  42  3:58  Siege Tank  
  42  3:59  SCV  
  46  4:06  SCV  
  46  4:09  Refinery  
  47  4:10  Terran Infantry Weapons Level 1  
  47  4:11  SCV  
  47  4:13  Supply Depot  
  47  4:14  Stimpack  
  47  4:16  Marine  
  49  4:18  SCV  
  49  4:23  SCV  
  51  4:30  SCV  
  52  4:34  Marine  
  52  4:35  Refinery, Siege Tank, SCV  
  57  4:42  Marine, SCV  
  59  4:46  Supply Depot  
  59  4:47  SCV  
  59  4:48  Supply Depot, Marine  
  61  4:54  SCV  
  61  4:58  Starport  
  62  5:00  Barracks  
  62  5:07  Marine, SCV x2  
  62  5:09  Marine x2  
  67  5:15  Missile Turret  
  67  5:17  Missile Turret  
  67  5:18  Siege Tank  
  67  5:19  SCV  
  67  5:20  SCV  
  72  5:25  Supply Depot, Marine  
  73  5:28  Supply Depot  
  73  5:29  Marine  
  73  5:30  Marine  
  73  5:31  SCV  
  73  5:32  SCV  
  77  5:36  Starport Reactor  
  77  5:47  Marine  
  77  5:49  Barracks Reactor  
  78  5:52  Siege Tank  
  78  5:53  Marine  
  78  5:56  Barracks  
  82  5:57  Barracks  
  82  6:08  Marine x2  
  84  6:11  Marine  
  84  6:12  Supply Depot  
  84  6:13  Supply Depot, Terran Infantry Armor Level 1  
  84  6:15  Medivac x2  
  89  6:25  Siege Tank  
  92  6:26  Marine x2  
  94  6:33  Marine x3  
  94  6:39  Combat Shields  
  97  6:44  Barracks Reactor x2, Marine x2  
  99  6:48  Medivac  
  99  6:50  Medivac  
  99  6:51  Marine x3  
  106  6:55  Supply Depot  
  106  6:57  Siege Tank  
  106  7:00  Supply Depot  
  109  7:01  Marine  
  110  7:16  Marine x4  
  110  7:17  Liberator  
  110  7:19  Marine  
  115  7:25  Marine  
  115  7:29  Marine x3  
  119  7:30  Siege Tank  
  119  7:34  Marine  
  126  7:43  Command Center  
  126  7:47  Supply Depot  
  126  7:50  Supply Depot  
  126  7:51  Liberator  
  126  7:53  Armory  
  126  8:08  Marine x2  
  131  8:19  Liberator  
  131  8:30  Marine x3  
  131  8:31  Marine x6  
  131  8:32  Siege Tank  
  140  8:36  Liberator  
  133  8:48  Marine x4  
  87  8:49  Marine x3  
  87  8:50  Marine  
  87  8:51  Marine  
  87  8:54  SCV  
  89  9:01  Orbital Command  
  89  9:05  Marine  
  89  9:06  Marine, SCV x2  
  93  9:17  Siege Tank  
  93  9:18  SCV x2  
  93  9:20  Starport  
  93  9:23  Liberator x2  
  98  9:30  SCV x2  
  100  9:37  Marine  
  101  9:43  Refinery  
  101  9:44  Refinery  
  101  9:45  Fusion Core  
  107  9:48  SCV x2  
  107  9:49  Liberator, SCV  
  110  10:00  SCV x2  
  110  10:01  SCV  
  116  10:10  Marine  
  116  10:11  Marine x8  
  116  10:12  SCV  
  116  10:13  SCV  
  116  10:14  SCV  
  128  10:21  Command Center  
Tags
 
Add a new tag
Caveats
  • Supply blocks, unpowered buildings, or Contaminate may cause inaccurate times.
  • Supply counts are checked every 10 seconds.